AoeStats
← Yaumy

MegaRandom

507583362Analyzed
2v2 RM · 14d ago on Sep 18, 2026· 34m 32s· 4 players
Game mode
Random Map
Map size
Medium (4 player)
Population
200
Speed
Normal
Resources
Standard
Victory
Conquest
Starting age
Dark Age
Ending age
Imperial Age
RankedLock teamsTeams togetherTeam positionsShared explorationLock speedFull tech treeHidden civsTurbo modeCheats
Victory
Defeat
🇫🇷 Gurjaras · France
1532
+15
🇫🇷 Japanese · France
1532
+15
🇹🇷 Inca · Türkiye
1521
-15
🇹🇷 Tatars · Türkiye
1515
-15
Smoke Monkey.Mua
1:24 Loom
9:41 Feudal Age
12:58 Town Watch
15:57 Castle Age
15:11 Wheelbarrow
14:23 Horse Collar
14:30 Double-Bit Axe
14:39 Gold Mining
15:38 Bloodlines
16:12 Light Cavalry
17:57 Scale Barding Armor
18:32 Bow Saw
21:22 Forging
21:43 Heavy Plow
22:24 Husbandry
23:19 Chain Barding Armor
29:51 Iron Casting
33:43 Imperial Age
33:49 Hand Cart
33:56 Heavy Camel Rider
ayz1912
5:34 Loom
11:53 Feudal Age
13:11 Wheelbarrow
12:46 Horse Collar
12:55 Double-Bit Axe
13:37 Gold Mining
15:28 Fletching
16:09 Padded Archer Armor
18:04 Town Watch
20:44 Castle Age
19:13 Stone Mining
20:48 Crossbowman
21:33 Thumb Ring
21:24 Bodkin Arrow
23:12 Ballistics
26:10 Leather Archer Armor
27:01 Hand Cart
30:01 Scale Mail Armor
30:12 Forging
29:35 Elite Skirmisher
Yaumy
2:02 Loom
12:27 Feudal Age
14:41 Wheelbarrow
14:12 Horse Collar
14:30 Double-Bit Axe
17:21 Castle Age
16:20 Bloodlines
16:14 Gold Mining
17:48 Scale Barding Armor
18:59 Chain Barding Armor
18:52 Husbandry
21:37 Bow Saw
21:27 Heavy Plow
22:03 Forging
24:04 Wheelbarrow
25:39 Hand Cart
26:00 Gold Shaft Mining
27:05 Town Watch
31:20 Imperial Age
32:38 Plate Barding Armor
31:25 Heavy Camel Rider
32:58 Iron Casting
32:32 Kshatriyas
32:01 Light Cavalry
33:47 Conscription
34:12 Frontier Guards
34:18 Conscription
WILLIAM WILTZ
1:06 Loom
10:14 Feudal Age
11:17 Double-Bit Axe
11:13 Horse Collar
12:29 Wheelbarrow
11:58 Fletching
12:19 Forging
17:20 Castle Age
16:16 Padded Archer Armor
17:05 Gold Mining
18:19 Bodkin Arrow
18:40 Bloodlines
18:30 Husbandry
19:26 Leather Archer Armor
23:06 Ballistics
25:29 Bow Saw
25:36 Hand Cart
29:52 Imperial Age
28:53 Thumb Ring
30:06 Heavy Cavalry Archer
31:12 Parthian Tactics
30:48 Bracer
31:18 Ring Archer Armor
33:57 Chemistry
33:32 Light Cavalry
34:24 Scale Barding Armor
34:30 Forging
Connection lost

Rejoining the realm…

Still unreachable

The connection could not be restored.

Session expired

The server has moved on; the page needs a fresh start.